 Dungeon Crawl Stone Soup version 0.32-a0-306-gfed3edf829 (webtiles) character file.

Game seed: 12121077326103114538

199 BubbleThief the Magician (level 5, -16/45 HPs)
             Began as an Oni Air Elementalist on Feb 14, 2024.
             Was an Initiate of Vehumet.
             Engulfed by a cloud of flame (20 damage)
             ... on level 3 of the Dungeon.
             The game lasted 00:04:15 (2805 turns).

BubbleThief the Magician (Oni Air Elementalist)     Turns: 2805, Time: 00:04:16

Health: -16/45     AC:  3    Str: 12    XL:     5   Next: 77%
Magic:  11/11      EV: 24    Int: 18    God:    Vehumet [......]
Gold:   160        SH:  0    Dex:  9    Spells: 6/12 levels left

rFire   . . .        n - +0 hand axe (flame)
rCold   . . .        (no shield)
rNeg    . . .        a - +0 robe
rPois   .            (helmet restricted)
rElec   .            (no cloak)
rCorr   .            (gloves unavailable)
SInv    .            (boots unavailable)
Will    .....        i - amulet of the acrobat
Stlth   +            (no ring)
HPRegen 0.27/turn    (no ring)
MPRegen 0.12/turn

%: acrobat
@: acrobatic
A: large, unfitting armour, horns 1, tough skin 1, double potion healing,
drunken brawling
a: Renounce Religion


You were on level 3 of the Dungeon.
You worshipped Vehumet.
Vehumet was noncommittal.
You visited 1 branch of the dungeon, and saw 3 of its levels.

You collected 160 gold pieces.

Inventory:

Hand Weapons
 n - a +0 hand axe of flaming (weapon)
Armour
 a - a +0 robe (worn)
Jewellery
 i - an amulet of the acrobat (around neck)
 m - a ring of magical power
Scrolls
 d - 3 scrolls of teleportation {unknown}
 e - a scroll of identify {unknown}
 g - 3 scrolls of amnesia {unknown}
 h - 3 scrolls of immolation
 j - 2 scrolls of blinking {unknown}
Potions
 b - a potion of magic
 c - 2 potions of haste {unknown}
 f - 2 potions of enlightenment {unknown}
 k - a potion of might {unknown}
 l - a potion of mutation {unknown}


   Skills:
 - Level 1.7 Dodging
 - Level 1.4 Stealth
 + Level 4.3 Spellcasting
 + Level 2.8 Conjurations
 + Level 3.9 Air Magic


You had 6 spell levels left.
You knew the following spells:

 Your Spells              Type           Power      Damage    Failure   Level
a - Shock                 Conj/Air       64%        1d7       3%          1
b - Static Discharge      Conj/Air       32%        3-5/arc   5%          2
c - Swiftness             Air            18%        N/A       9%          3

Your spell library contained the following spells:

 Spells                   Type           Power      Damage    Failure   Level
 Cigotuvi's Dreadful Rot  Necr/Alch/Air  16%        N/A       13%         2
 Sublimation of Blood     Necr           3%         N/A       22%         2
 Airstrike                Air            9%         2d(2-18)  28%         4
 Cause Fear               Hex            1%         N/A       82%         4
 Ignite Poison            Fire/Alch      3%         N/A       82%         4
 Petrify                  Alch/Erth      3%         N/A       82%         4
 Freezing Cloud           Conj/Ice/Air   5%         6-21      85%         5
 Fireball                 Conj/Fire      4%         3d4       92%         5
 Irradiate                Conj/Alch      4%         3d13      92%         5
 Dragon's Call            Summ           1%         N/A       100%        9


Dungeon Overview and Level Annotations

Branches:
Dungeon (3/15)

Altars:
Vehumet


Innate Abilities, Weirdness & Mutations

You are too large for most types of armour.
You have a pair of small horns on your head.
You have tough skin. (AC +1)
You gain doubled healing and magic from potions.
Whenever you drink a healing potion, you attack all around you.


Message History

Aim: a ribbon worm (lightly wounded, catching its breath, 90% to hit)
The zap hits the ribbon worm.
The ribbon worm is moderately wounded.
Unknown command.
Aiming: Shock (safe; 3% risk of failure)
Press: ? - help, Q - select action, (/) - cycle Shift-Dir - straight line, f/p - ribbon worm
Aim: a ribbon worm (moderately wounded, catching its breath, 90% to hit)
The zap hits the ribbon worm.
The ribbon worm is severely wounded.
The zap hits the ribbon worm.
The ribbon worm is almost dead.
Aiming: Shock (safe; 3% risk of failure)
Press: ? - help, Q - select action, (/) - cycle Shift-Dir - straight line, f/p - ribbon worm
Aim: a ribbon worm (almost dead, catching its breath, 90% to hit)
The zap hits the ribbon worm.
You kill the ribbon worm!
Unknown command.
g - 3 scrolls labelled OMNIMA GOTU (gained 2)
Found a stone staircase leading down.
You open the door.
Found a radiant altar of Vehumet.
There is an open door here.
You open the door.
There is an open door here.
You see here a +0 leather armour.
You now have 160 gold pieces (gained 18).
Found a dagger.
You pick up a Trismegistus Codex and begin reading...
You add the spells Cigotuvi's Dreadful Rot, Ignite Poison and Freezing Cloud to your library.
You open the door.
There is an open door here.
You are engulfed in blazing flames.
You are engulfed in blazing flames.
Ouch! That really hurt!
* * * LOW HITPOINT WARNING * * *
There is a radiant altar of Vehumet here.
You kneel at the altar of Vehumet.
Vehumet welcomes you!
You are engulfed in blazing flames.
You die...

#.# #.......... ##'##
#.##.##..## ##...##
#.##.##..##
##.....###.##.....##
##.......##.##..#.### ..
#.........#[##....### ..
+....°....'..........
...
#..○.°....####.......
#.# ##..@....##
###.##### #.# #....$.##
#...# ##.# #..☼○.##
#.### #..#########'##
#.# ##.........##.# #.#
#....#####.##.#######.#
#...~# #.##.#.......#
##..~~#####.#....#######
#...~ß#..........#


There were no monsters in sight!

Vanquished Creatures
  2 orc wizards (D:3)
  4 adders
  2 ribbon worms
  5 orcs
  6 ball pythons
  3 endoplasms
  2 giant cockroaches (D:1)
  8 goblins
  5 hobgoblins
  4 quokkas
  2 bats (D:1)
  6 frilled lizards
  8 kobolds
  5 rats
62 creatures vanquished.

Vanquished Creatures (others)
  A ball python (D:3)
1 creature vanquished.

Grand Total: 63 creatures vanquished

Notes
Turn   | Place    | Note
-------+----------+-------------------------------------------
     0 | D:1      | BubbleThief the Oni Air Elementalist began the quest for
                  | the Orb.
     0 | D:1      | Reached XP level 1. HP: 16/16 MP: 3/3
    20 | D:1      | Reached skill level 1 in Conjurations
    78 | D:1      | Reached XP level 2. HP: 24/24 MP: 0/5
   311 | D:1      | Reached skill level 3 in Spellcasting
   316 | D:1      | Reached XP level 3. HP: 31/31 MP: 1/7
  1030 | D:2      | Reached XP level 4. HP: 39/39 MP: 5/9
  1124 | D:2      | Learned a level 2 spell: Static Discharge
  1848 | D:3      | Learned a level 3 spell: Swiftness
  2036 | D:3      | Reached XP level 5. HP: 42/45 MP: 3/10
  2093 | D:3      | Found a faded altar of an unknown god.
  2340 | D:3      | Reached skill level 4 in Spellcasting
  2730 | D:3      | Found a radiant altar of Vehumet.
  2805 | D:3      | Became a worshipper of Vehumet
  2805 | D:3      | Engulfed by a cloud of flame

Illustrated notes

Levels and vault maps discovered:
D:1:      erik_arrival_orb_chamber, layout_basic
D:2:      layout_basic
D:3:      wander_river, layout_loops_corners, fiery_altar_vehumet,
          hellmonk_ecumenical_altar_blasted, moated_statue, minivault_24,
          hex_medium

Skill      XL: |  1  2  3  4  5 |
---------------+----------------+-----
Conjurations   | 1 2 |  2.8
Air Magic      | 3 |  3.9
Spellcasting   | 3 4 |  4.3
Dodging        | |  1.7
Stealth        | |  1.4

Action                     |  1- 3 |  4- 6 || total
---------------------------+-------+-------++-------
  Melee: Unarmed           |    20 |     2 ||    22
         Headbutt          |     4 |       ||     4
   Cast: Shock             |    51 |    82 ||   133
 Armour: Robe              |    16 |    17 ||    33
  Dodge: Dodged            |    21 |     8 ||    29

Table legend: (Time is in decaauts)
 A = Elapsed time spent in this place.
 B = Non-inter-level travel time spent in this place.
 C = Inter-level travel time spent in this place.
 D = Time resting spent in this place.
 E = Time spent auto-exploring this place.
 F = Levels seen in this place.
 G = Mean time per level.
                   A        B        C        D        E       F      G
               +--------+--------+--------+--------+--------+-----+--------+
         Total |   2805 |   2763 |     42 |     64 |   2340 |   3 |  935.0 |
       Dungeon |   2805 |   2763 |     42 |     64 |   2340 |   3 |  935.0 |
               +--------+--------+--------+--------+--------+-----+--------+

Top non-repeatable levels by time:
     D:1: 983 daAuts
     D:3: 974 daAuts
     D:2: 847 daAuts
